 Dungeon Sprint DCSS version 0.16-a0-2611-g6d04fdd (webtiles) character file.

6025 Crauler the End of an Era (level 10, 0/88 HPs)
             Began as a Demonspawn Gladiator on Nov 22, 2014.
             Was the Champion of Qazlal.
             Succumbed to a redback's poison
             ... in the Dungeon (Sprint V: "Ziggurat Sprint").
             The game lasted 00:08:15 (1072 turns).

Crauler the End of an Era (Demonspawn Gladiator)    Turns: 1072, Time: 00:08:16

Health: 0/88       AC: 33    Str: 18    XL:     10   Next: 56%
Magic:  19/27      EV:  6    Int:  9    God:    Qazlal [******]
Gold:   0          SH:  8    Dex: 15    Spells: 1 memorised, 3 levels left

rFire  + + +     SeeInvis .     D - +7 great mace "Firestarter" {flame, rF++}
rCold  + + .     Clarity  .     C - +15 Maxwell's patent armour {rC+ rF+, -Cast -Tele MR+} (curse)
rNeg   . . .     SustAb   .     (no shield)
rPois  .         Gourm    .     (helmet restricted)
rElec  .         Spirit   .     (no cloak)
rCorr  .         Warding  .     (no gloves)
rMut   .         NoTele   +     (no boots)
MR     +....     NoCast   +     b - amulet of rage
Stlth  ..........               (no ring)
                                (no ring)

@: lethally poisoned, protected from physical damage, repel missiles, somewhat
resistant to hostile enchantments, extremely unstealthy
A: antennae 1, rugged brown scales 1, cold resistance 1, powered by pain 1
a: Upheaval, Elemental Force, Disaster Area, Renounce Religion, Evoke Berserk
Rage


You were in the Dungeon.
You worshipped Qazlal.
Qazlal was exalted by your worship.
You were hungry.

You visited 1 branch

Inventory:

Hand weapons
 a - a +0 flail
 y - the +6 dark maul {crush}
   (You found it in the Dungeon)

   It inflicts extra damage upon your enemies.
 D - the +7 great mace "Firestarter" (weapon) {flame, rF++}
   (You found it in the Dungeon)

   It emits flame when wielded, causing extra injury to most foes and up to
   double damage against particularly susceptible opponents.
   It greatly protects you from fire.
 E - the +6 shillelagh "Devastator"
   (You found it in the Dungeon)
Missiles
 d - 3 throwing nets (quivered)
Armour
 B - the +18 shield of the gong {rElec rN+ MR+ EV-5}
   (You found it in the Dungeon)

   It affects your evasion (-5).
   It insulates you from electricity.
   It protects you from negative energy.
   It affects your resistance to hostile enchantments.
 C - the cursed +15 Maxwell's patent armour (worn) {rC+ rF+, -Cast -Tele MR+}
   (You found it in the Dungeon)

   It affects your resistance to hostile enchantments.
   It prevents spellcasting.
   It prevents most forms of teleportation.
   It has a curse placed upon it.
 F - a +5 crystal plate armour
 G - a +5 fire dragon armour
 H - a +5 gold dragon armour
 I - a +5 ice dragon armour
Rods
 c - a +5 rod of shadows (11/11)
   (You found it in the Dungeon)
Jewellery
 b - an amulet of rage (around neck)
Magical devices
 J - a wand of disintegration (7)
 K - a wand of fire (5)
 L - a wand of cold (5)
 M - a wand of draining (5)
Scrolls
 k - 4 scrolls of blinking
 s - 4 scrolls of amnesia
 t - 3 scrolls of recharging
 u - 7 scrolls of fog
 v - 5 scrolls of identify
 w - 5 scrolls of remove curse
 x - 2 scrolls of fear
 O - 2 scrolls of brand weapon
 P - 4 scrolls of enchant weapon
Potions
 e - 10 potions of curing
 g - 9 potions of heal wounds
 h - 6 potions of haste
 i - 7 potions of magic
 j - 3 potions of berserk rage
 l - 2 potions of brilliance
 m - 2 potions of invisibility
 n - 2 potions of restore abilities
 o - 4 potions of resistance
 p - a potion of experience
 q - 5 potions of agility
 r - 5 potions of might
Comestibles
 f - 5 bread rations
 z - 42 fruits
 A - 4 meat rations


   Skills:
 + Level 10.5 Fighting
 * Level 13.2 Maces & Flails
 - Level 1.7 Throwing
 + Level 9.5 Armour
 + Level 9.9 Dodging
 * Level 14.4 Invocations


You had 3 spell levels left.
You knew the following spells:

 Your Spells              Type           Power        Failure   Level  Hunger
a - Haste                 Chrm           #.......     100%        6    #######


Dungeon Overview and Level Annotations

Branches:
Dungeon (1/1)

Altars:
Ashenzari
Cheibriados
Dithmenos
Elyvilon
Fedhas
Gozag
Kikubaaqudgha
Makhleb
Nemelex Xobeh
Okawaru
Qazlal
Ru
Sif Muna
Trog
Vehumet
Xom
Yredelemnul
Zin
The Shining One
Beogh
Jiyva
Lugonu


Innate Abilities, Weirdness & Mutations

You have a pair of small antennae on your head.
You are partially covered in rugged brown scales (AC +1, +3% HP).
Your flesh is cold resistant.
You sometimes gain a little power by taking damage.


Message History

You bludgeon the redback!! You burn the redback!
You kill the redback!
The redback's corpse disappears in a puff of smoke!
* * * LOW HITPOINT WARNING * * *
You feel sick.
The tarantella bites you but does no damage.
The orange rat bites you but does no damage.
You are too injured to fight recklessly!
You are too injured to fight recklessly!
Unknown command.
You are too injured to fight recklessly!
Unknown command.
You are too injured to fight recklessly!
Unknown command.
You are too injured to fight recklessly!
You are too injured to fight recklessly!
You sock the orange rat! You burn the orange rat.
The orange rat is filled with an inner flame.
The orange rat is almost dead.
You die...

...8©8...▓..8©8..▓
▓..:|=)...▓.§§)[§.▓
▓%..))=...▓.§.[:..▓
▓....)....▓.......▓
▓.....)...▓.......▓
▓.........▓....†..▓
▓.§§§.e...▓.......▓
▓.▓§§rs.▓.▓.......▓
▓.§§§@ss..▓.......▓
▓▓▓▓▓▓▓▓▓▓▓▓▓▓▓▓▓▓▓
▓..8©8..▓ ▓.§§}§..▓
▓..))§..▓ ▓....§..▓
▓.......▓ ▓..))...▓
▓..))...▓


You could see a demonic crawler, a deep elf summoner, a jumping spider, a
tarantella and an orange rat (inner flame).

Vanquished Creatures
  2 deep elf knights (D)
  A spriggan druid (D)
  A deep elf summoner (D)
  A deep elf conjurer (D)
  2 ugly things (D)
  A smoke demon (D)
  An apocalypse crab (D)
  2 merfolk (D)
  A jumping spider (D)
  A raiju (D)
  4 redbacks (D)
  3 spriggans (D)
  A deep elf mage (D)
  A deep elf fighter (D)
  A hog (shapeshifter) (D)
  A chaos spawn (D)
  A yellow wasp (D)
  2 black bears (D)
  A phantom (D)
  A quasit (D)
  A crimson imp (D)
  2 iron imps (D)
  An orange rat (D)
  A shadow imp (D)
  3 white imps (D)
  3 ufetubi (D)
  2 adder skeletons (D)
  A giant gecko zombie (D)
43 creatures vanquished.

Notes
Turn   | Place    | Note
--------------------------------------------------------------
     0 | D        | Crauler, the Demonspawn Gladiator, began the quest for the Orb.
     0 | D        | Reached XP level 1. HP: 16/16 MP: 1/1
     0 | D        | Found a corrupted altar of Lugonu.
     0 | D        | Found a viscous altar of Jiyva.
     0 | D        | Found a white marble altar of Elyvilon.
     0 | D        | Found a burning altar of Makhleb.
     0 | D        | Found an iron altar of Okawaru.
     2 | D        | Found a sparkling altar of Nemelex Xobeh.
     2 | D        | Found a basalt altar of Yredelemnul.
     2 | D        | Found a deep blue altar of Sif Muna.
     2 | D        | Found a radiant altar of Vehumet.
     6 | D        | Found a bloodstained altar of Trog.
     6 | D        | Found a shimmering altar of Xom.
    36 | D        | Became a worshipper of Qazlal Stormbringer
    71 | D        | Entered arena 1.
    71 | D        | Noticed a merfolk
    71 | D        | Noticed a merfolk
    78 | D        | Killed a merfolk
    78 | D        | Reached skill level 5 in Fighting
    78 | D        | Reached skill level 6 in Maces & Flails
    78 | D        | Reached skill level 5 in Dodging
    78 | D        | Gained mutation: You sometimes gain a little power by taking damage. [demonic ancestry]
    78 | D        | Reached XP level 2. HP: 3/27 MP: 1/5
    78 | D        | Reached XP level 3. HP: 3/33 MP: 1/7
    78 | D        | Gained mutation: You have a pair of small antennae on your head. [demonic ancestry]
    78 | D        | Reached XP level 4. HP: 3/39 MP: 1/9
    78 | D        | Reached XP level 5. HP: 3/44 MP: 1/11
    82 | D        | Killed a merfolk
    82 | D        | Reached skill level 8 in Maces & Flails
    82 | D        | Reached skill level 5 in Armour
    82 | D        | Reached XP level 6. HP: 13/52 MP: 1/14
   184 | D        | Entered arena 2.
   184 | D        | Noticed a red ugly thing
   184 | D        | Noticed a green ugly thing
   184 | D        | Noticed a hog
   190 | D        | Killed a hog
   190 | D        | Acquired Qazlal's first power
   190 | D        | Gained mutation: You are partially covered in rugged brown scales (AC +1, +3% HP). [demonic ancestry]
   190 | D        | Reached XP level 7. HP: 19/60 MP: 15/17
   198 | D        | Killed a green ugly thing
   198 | D        | Reached skill level 9 in Maces & Flails
   199 | D        | Killed a red ugly thing
   199 | D        | Acquired Qazlal's second power
   199 | D        | Reached skill level 10 in Maces & Flails
   199 | D        | Gained mutation: Your flesh is cold resistant. [demonic ancestry]
   199 | D        | Reached XP level 8. HP: 23/70 MP: 17/21
   407 | D        | Entered arena 3.
   407 | D        | Noticed a quasit
   407 | D        | Noticed an iron imp
   416 | D        | Killed an iron imp
   416 | D        | Killed a quasit
   418 | D        | Acquired Qazlal's third power
   425 | D        | Entered arena 4.
   425 | D        | Noticed a phantom
   428 | D        | Reached skill level 10 in Invocations
   431 | D        | Killed a phantom
   431 | D        | Acquired Qazlal's fourth power
   452 | D        | Entered arena 5.
   452 | D        | Noticed a smoke demon
   452 | D        | Noticed an iron imp
   452 | D        | Noticed a crimson imp
   456 | D        | Killed an iron imp
   458 | D        | Killed a smoke demon
   458 | D        | Acquired Qazlal's fifth power
   467 | D        | Killed a crimson imp
   467 | D        | Reached skill level 11 in Maces & Flails
   471 | D        | Got the cursed ring "Duneyg" {Int+2 Dex-3}
   549 | D        | Entered arena 6.
   549 | D        | Noticed an apocalypse crab
   549 | D        | Noticed a raiju
   549 | D        | Noticed a chaos spawn
   556 | D        | Killed a chaos spawn
   556 | D        | Killed a raiju
   556 | D        | Reached XP level 9. HP: 59/77 MP: 22/22
   560 | D        | Paralysed by you for 4 turns
   576 | D        | Killed an apocalypse crab
   598 | D        | Identified Gitahy's Disquisition on Excruciating Envenoming (You found it in the Dungeon)
   610 | D        | Learned a level 6 spell: Haste
   773 | D        | Entered arena 7.
   773 | D        | Noticed a black bear
   773 | D        | Noticed a spriggan druid
   773 | D        | Noticed a spriggan
   773 | D        | Noticed a spriggan rider
   773 | D        | Noticed a spriggan
   773 | D        | Noticed a black bear
   777 | D        | Killed a spriggan druid
   777 | D        | Killed a spriggan
   777 | D        | Reached skill level 12 in Maces & Flails
   779 | D        | Killed a spriggan
   779 | D        | Killed a black bear
   779 | D        | Killed a yellow wasp
   780 | D        | Killed a black bear
   780 | D        | Killed a spriggan
  1056 | D        | Entered arena 8.
  1056 | D        | Noticed a deep elf knight
  1056 | D        | Noticed a deep elf summoner
  1056 | D        | Noticed a deep elf knight
  1056 | D        | Noticed a deep elf fighter
  1056 | D        | Noticed a deep elf mage
  1056 | D        | Noticed a deep elf summoner
  1056 | D        | Noticed a deep elf conjurer
  1059 | D        | Killed a deep elf knight
  1059 | D        | Reached skill level 10 in Fighting
  1059 | D        | Reached skill level 13 in Invocations
  1059 | D        | Reached XP level 10. HP: 45/87 MP: 20/26
  1059 | D        | Killed a deep elf mage
  1059 | D        | Killed a deep elf conjurer
  1062 | D        | Killed a deep elf knight
  1062 | D        | Reached skill level 14 in Invocations
  1069 | D        | Killed a deep elf summoner
  1069 | D        | Killed a deep elf fighter
  1070 | D        | HP: 4/88 [poisoned by a redback]
  1072 | D        | Succumbed to a redback's poison

Action                   |  1- 3 |  4- 6 |  7- 9 | 10-12 || total
-------------------------+-------+-------+-------+-------++-------
Melee: Shillelagh        |     6 |     8 |    21 |       ||    35
       Great mace        |       |       |    31 |    11 ||    42
Invok: Upheaval          |       |       |     3 |     1 ||     4
  Use: Potion            |       |     1 |       |       ||     1
 Stab: Petrifying        |       |       |     1 |       ||     1
